 Dungeon Crawl Stone Soup version 0.25-a0-435-g4b9beb1024 (webtiles) character file.

Game seed: 2417825580905875343, levelgen mode: deterministic

308 Elellon the Conjurer (level 6, -4/32 HPs)
             Began as a Deep Elf Conjurer on Jan 28, 2020.
             Killed from afar by an orc wizard (6 damage)
             ... with a magic dart
             ... on level 4 of the Dungeon.
             The game lasted 00:03:54 (3594 turns).

Elellon the Conjurer (Deep Elf Conjurer)            Turns: 3594, Time: 00:03:54

Health: -4/32      AC:  4    Str:  7    XL:     6   Next: 16%
Magic:  10/17      EV: 13    Int: 20    God:
Gold:   200        SH:  0    Dex: 15    Spells: 15/18 levels left

rFire    . . .     SeeInvis .   p - +0 dagger
rCold    . . .     Gourm    .   (no shield)
rNeg     . . .     Faith    .   a - +0 robe
rPois    .         Spirit   .   (no helmet)
rElec    .         Reflect  .   m - +1 cloak
rCorr    .         Harm     .   (no gloves)
MR       .....                  (no boots)
Stlth    ++........             (no amulet)
HPRegen  0.10/turn              (no ring)
MPRegen  0.15/turn              (no ring)

@: no status effects
A: no striking features
a: no special abilities


You were on level 4 of the Dungeon.
You were not hungry.

You visited 1 branch of the dungeon, and saw 4 of its levels.

You collected 200 gold pieces.

Inventory:

Hand Weapons
 p - a +0 dagger (weapon)
Armour
 a - a +0 robe (worn)
 m - a +1 cloak (worn)
Jewellery
 d - a cursed -3 ring of protection {unknown}
 g - an uncursed ring of magical power {unknown}
 r - a cursed amulet of inaccuracy {unknown}
Wands
 n - a wand of digging (5)
 u - a wand of acid (3)
Scrolls
 b - 3 scrolls of remove curse {unknown}
 e - 2 scrolls of enchant armour {unknown}
 f - 4 scrolls of identify {unknown}
 k - 7 scrolls of teleportation {unknown}
 o - 2 scrolls of amnesia {unknown}
 q - a scroll of enchant weapon {unknown}
Potions
 h - a potion of flight {unknown}
 i - 3 potions of curing {unknown}
 j - a potion of agility {unknown}
 l - a potion of heal wounds {unknown}
 t - a potion of brilliance {unknown}
 v - a potion of resistance {unknown}
Comestibles
 c - 10 rations
 s - a chunk of flesh


   Skills:
 - Level 2.4 Dodging
 - Level 2.4 Stealth
 + Level 6.5 Spellcasting
 + Level 6.6 Conjurations


You had 15 spell levels left.
You knew the following spells:

 Your Spells              Type           Power        Failure   Level  Hunger
a - Magic Dart            Conj           ####         1%          1    None
b - Searing Ray           Conj           ####..       1%          2    None

Your spell library contained the following spells:

 Spells                   Type           Power        Failure   Level  Hunger
 Dazzling Flash           Conj/Hex       ###...       8%          3    #......
 Corona                   Hex            #......      10%         1    None
 Ensorcelled Hibernation  Hex/Ice        #.....       16%         2    None
 Fulminant Prism          Conj/Hex       ###.......   26%         4    ###....
 Iskenderun's Mystic Bla  Conj/Tloc      ###.....     26%         4    ###....
 Confusing Touch          Hex            #.......     30%         3    #......
 Tukima's Dance           Hex            #.......     30%         3    #......


Dungeon Overview and Level Annotations

Branches:
Dungeon (4/15)
 Temple: D:4-7

Altars:
Cheibriados

Shops:
D:4 *


Message History

The quokka misses you.
The howler monkey hoots and howls with incredible vigour!
You hear a shout!
You hear an angry hiss. x2
Some of the chunks of flesh in your inventory have rotted away.
The quokka bites you.
* * * LOW HITPOINT WARNING * * *
The howler monkey hoots and howls with incredible vigour!
The quokka bites you.
* * * LOW HITPOINT WARNING * * *
The quokka closely misses you.
The howler monkey hoots and howls with incredible vigour!
You hear a shout!
You hear an angry hiss. x2
A puff of flame appears from out of thin air!
The puff of flame hits you but does no damage.
There is a stone staircase leading up here.
The quokka bites you.
* * * LOW HITPOINT WARNING * * *
A magic dart appears from out of thin air!
The magic dart hits you.
You die...

....................
#......#..........# .. ..
#.....#.......(.# #... #..#
.##......)).....## ##....
#........#.##..))....)# .^.....
#.. ##.. #.#........... ........
#.. ##.###.##....##.#.. ........
#.# #..##...##..##..##. ........#
#.####@#...###..##.....
.........##...#.r...##.#..####...
....#.......#...h..##............
....####...##..##..O#..#####.....
....######.....##......### ##.#.#
......##.....#####.......###..#..
....#.##......# #......###......
...#..##.##...# #...............
####......#...####...............


You could see an ogre, a howler monkey and a quokka.

Vanquished Creatures
  A bullfrog (D:4)
  A hound (D:4)
  2 orc wizards (D:4)
  6 adders
  4 gnolls (D:3)
  A dart slug (D:1)
  3 leopard geckos
  2 orcs (D:4)
  A ball python (D:1)
  6 bats
  4 giant cockroaches
  9 goblins
  4 hobgoblins
  4 jackals (D:3)
  A quokka (D:2)
  2 frilled lizards
  9 kobolds
  5 rats
65 creatures vanquished.

Notes
Turn   | Place    | Note
-------+----------+-------------------------------------------
     0 | D:1      | Elellon the Deep Elf Conjurer began the quest for the Orb.
     0 | D:1      | Reached XP level 1. HP: 10/10 MP: 6/6
   588 | D:1      | Reached XP level 2. HP: 15/15 MP: 4/8
   639 | D:1      | Learned a level 2 spell: Searing Ray
  1191 | D:2      | Reached skill level 5 in Conjurations
  1191 | D:2      | Reached XP level 3. HP: 19/19 MP: 6/10
  1722 | D:2      | Reached XP level 4. HP: 24/24 MP: 9/12
  1974 | D:2      | Found a faded altar of an unknown god.
  2315 | D:3      | Found a snail-covered altar of Cheibriados.
  2678 | D:3      | Reached skill level 5 in Spellcasting
  2811 | D:3      | Reached XP level 5. HP: 26/28 MP: 0/14
  3519 | D:4      | Found Akuhoyf's General Store.
  3565 | D:4      | Reached XP level 6. HP: 8/32 MP: 8/17
  3594 | D:4      | Killed from afar by an orc wizard

Levels and vault maps discovered:
D:1:      dpeg_arrival_radiant, layout_basic
D:2:      layout_loops_ring, first_ration, chequers_ecumenical_altar_grove
D:3:      layout_basic, cheibriados_altar_1
D:4:      layout_cave_pools, gammafunk_temple_overflow_forgotten, serial_shops,
          shop, minmay_circle_x, uniq_eustachio

Skill      XL: |  1  2  3  4  5 |
---------------+----------------+-----
Spellcasting   | 4 5 6 |  6.5
Conjurations   | 5 6 |  6.6
Dodging        | |  2.4
Stealth        | |  2.4

Action                   |  1- 3 |  4- 6 || total
-------------------------+-------+-------++-------
Melee: Unarmed           |    35 |       ||    35
 Cast: Magic Dart        |    63 |    89 ||   152
  Eat: Chunk             |     2 |     6 ||     8
Armor: Robe              |     8 |     5 ||    13
Dodge: Dodged            |    33 |    10 ||    43

Table legend:
 A = Non-vault XP
 B = Vault XP
 C = Vault XP percentage of total XP
 D = Non-vault monster count
 E = Vault monster count
 F = Vault count percentage of total count
                 A         B        C        D         E       F
            +---------+---------+-------+---------+---------+-------
      Total |     350 |      90 |  20.5 |      64 |       1 |   1.5
            +---------+---------+-------+---------+---------+-------
        D:1 |      38 |       0 |   0.0 |      21 |       0 |   0.0
        D:2 |      64 |       0 |   0.0 |      15 |       0 |   0.0
        D:3 |     126 |       0 |   0.0 |      23 |       0 |   0.0
        D:4 |     122 |      90 |  42.5 |       5 |       1 |  16.7
            +---------+---------+-------+---------+---------+-------
